NCAA
SETON HALL PIRATES @ VIRGINIA TECH HOKIES
05/16/2030
 
TOP OF THE 1ST
Seton Hall Pirates batting - Pitching for Virginia Tech Hokies : RHP Ed Velásquez
Pitching: RHP Ed Velásquez
Batting: RHB Ken Horn 0-0: Ball
1-0: Foul Ball, location: 2F
1-1: Ground out 1-3 (Groundball, 13)
Batting: RHB Joe Lord 0-0: Called Strike
0-1: Foul Ball, location: 2F
0-2: Strikes out swinging
Batting: LHB Vernon Riley 0-0: Ball
1-0: SOLO HOME RUN (Line Drive, 7D), Distance : 357 ft
Batting: RHB Matt Hidalgo 0-0: Foul Ball, location: 2F
0-1: Ball
1-1: Ball
2-1: Ball
Error on foul ball, E3
3-2: SOLO HOME RUN (Flyball, 7LD), Distance : 337 ft
Batting: LHB Turner Burns 0-0: Ground out 4-3 (Groundball, 4)
Top of the 1st over - 2 runs, 2 hits, 1 error, 0 left on base; Seton Hall 2 - Virginia Tech 0
BOTTOM OF THE 1ST
Virginia Tech Hokies batting - Pitching for Seton Hall Pirates : RHP Tomás Granados
Pitching: RHP Tomás Granados
Batting: LHB David Ortega 0-0: Called Strike
0-1: Bunt for hit - play at first, batter OUT! 1-3
Batting: SHB Daniel Lee 0-0: Ball
1-0: Called Strike
1-1: Ball
2-1: Ball
3-1: Swinging Strike
3-2: Ground out 4-3 (Groundball, 4)
Batting: RHB Eric Clay 0-0: Ground out 4-3 (Groundball, 4)
Bottom of the 1st over - 0 runs, 0 hits, 0 errors, 0 left on base; Seton Hall 2 - Virginia Tech 0
TOP OF THE 2ND
Seton Hall Pirates batting - Pitching for Virginia Tech Hokies : RHP Ed Velásquez
Batting: RHB Fernando Cuevas 0-0: Called Strike
0-1: Swinging Strike
0-2: Ball
1-2: Foul Ball, location: 2F
1-2: Fly out, F9 (Line Drive, 9)
Batting: RHB Chris Rigney 0-0: Called Strike
0-1: Ball
1-1: Foul Ball, location: 2F
1-2: SINGLE (Groundball, 56D)
Batting: RHB Steve Moore 0-0: Called Strike
0-1: Ball
1-1: Foul Ball, location: 2F
1-2: Foul Ball, location: 2F
1-2: Ball
2-2: Foul Ball, location: 2F
2-2: SINGLE (Groundball, 56D)
Chris Rigney to second
Batting: LHB Pedro Cortés 0-0: Called Strike
0-1: Fielders Choice at 2nd, 6-4 (Groundball, 6)
Chris Rigney to third
Batting: RHB Ken Horn 0-0: Ball
1-0: Called Strike
Pedro Cortés is caught stealing 2nd base
Top of the 2nd over - 0 runs, 2 hits, 0 errors, 1 left on base; Seton Hall 2 - Virginia Tech 0
BOTTOM OF THE 2ND
Virginia Tech Hokies batting - Pitching for Seton Hall Pirates : RHP Tomás Granados
Batting: RHB Dusty Green 0-0: SINGLE (Groundball, 6MD)
Batting: LHB Ben Webb 0-0: Ball
1-0: Called Strike
1-1: Ball
2-1: Ball
3-1: Foul Ball, location: 2F
3-2: Foul Ball, location: 2F
3-2: DOUBLE (Flyball, 8LD)
Dusty Green to third
Batting: RHB Octávio Ramérez 0-0: Ball
1-0: Foul Ball, location: 2F
1-1: Fly out, F9 (Flyball, 9)
Runner from 3rd tags up, OUT at HOME
Ben Webb to third
Batting: SHB Junior Campbell 0-0: Foul Ball, location: 2F
0-1: Foul Ball, location: 2F
0-2: Fly out, F8 (Flyball, 8LM)
Bottom of the 2nd over - 0 runs, 2 hits, 0 errors, 1 left on base; Seton Hall 2 - Virginia Tech 0
TOP OF THE 3RD
Seton Hall Pirates batting - Pitching for Virginia Tech Hokies : RHP Ed Velásquez
Batting: RHB Ken Horn 0-0: Ball
1-0: SINGLE (Flyball, 8LS)
Batting: RHB Joe Lord 0-0: Ball
1-0: Ball
2-0: Ball
3-0: Called Strike
3-1: SINGLE (Line Drive, 6M)
Ken Horn to second
Batting: LHB Vernon Riley 0-0: Foul Ball, location: 2F
0-1: Swinging Strike
0-2: Fly out, F9 (Flyball, 9S)
Batting: RHB Matt Hidalgo 0-0: Called Strike
0-1: Fly out, F3 (Popup, 3SF)
Batting: LHB Turner Burns 0-0: Called Strike
0-1: Swinging Strike
0-2: Ball
1-2: Foul Ball, location: 2F
1-2: Foul Ball, location: 2F
1-2: Ball
2-2: Foul Ball, location: 2F
2-2: Ball
3-2: Ground out 6-3 (Groundball, 6MD)
Top of the 3rd over - 0 runs, 2 hits, 0 errors, 2 left on base; Seton Hall 2 - Virginia Tech 0
BOTTOM OF THE 3RD
Virginia Tech Hokies batting - Pitching for Seton Hall Pirates : RHP Tomás Granados
Batting: RHB Jake Holmes 0-0: Reached on error, E6 (Groundball, 6M)
Batting: RHB Rick Bascombe 0-0: Ball
1-0: Ball
2-0: Ball
3-0: Grounds into double play, 6-4-3 (Groundball, 6)
Batting: LHB David Ortega 0-0: Foul Ball, location: 2F
0-1: Ball
1-1: SINGLE (Line Drive, 4MD)
Batting: SHB Daniel Lee 0-0: Ball
Wild Pitch!
David Ortega to second
1-0: Swinging Strike
1-1: Ball
2-1: Foul Ball, location: 2F
2-2: Foul Ball, location: 2F
2-2: Ball
3-2: Strikes out swinging
Bottom of the 3rd over - 0 runs, 1 hit, 1 error, 1 left on base; Seton Hall 2 - Virginia Tech 0
TOP OF THE 4TH
Seton Hall Pirates batting - Pitching for Virginia Tech Hokies : RHP Ed Velásquez
Batting: RHB Fernando Cuevas 0-0: Foul Ball, location: 2F
0-1: Ball
1-1: Called Strike
1-2: Hit by Pitch
Batting: RHB Chris Rigney 0-0: Ball
1-0: Foul Ball, location: 2F
1-1: Ball
2-1: Foul Ball, location: 2F
2-2: Ball
3-2: Base on Balls
Fernando Cuevas to second
Batting: RHB Steve Moore 0-0: Foul Ball, location: 2F
0-1: Ball
Passed Ball!
Fernando Cuevas to third
Chris Rigney to second
1-1: SINGLE (Groundball, 34D)
Fernando Cuevas scores
Chris Rigney to third
Runner from 3rd tries for Home, SAFE, no throw
Batting: LHB Pedro Cortés 0-0: Foul Ball, location: 2F
0-1: Grounds into double play, 6-4-3 (Groundball, 56)
Batting: RHB Ken Horn 0-0: Called Strike
0-1: Foul Ball, location: 2F
0-2: Ball
1-2: Ball
2-2: Strikes out looking
Top of the 4th over - 2 runs, 1 hit, 0 errors, 0 left on base; Seton Hall 4 - Virginia Tech 0
BOTTOM OF THE 4TH
Virginia Tech Hokies batting - Pitching for Seton Hall Pirates : RHP Tomás Granados
Batting: RHB Eric Clay 0-0: Called Strike
0-1: Ball
1-1: Called Strike
1-2: Strikes out swinging
Batting: RHB Dusty Green 0-0: Called Strike
0-1: Ground out 5-3 (Groundball, 56)
Batting: LHB Ben Webb 0-0: Foul Ball, location: 2F
0-1: Ball
1-1: Ball
2-1: Swinging Strike
2-2: Foul Ball, location: 2F
2-2: Foul Ball, location: 2F
2-2: Ball
3-2: Fly out, F5 (Popup, 56)
Bottom of the 4th over - 0 runs, 0 hits, 0 errors, 0 left on base; Seton Hall 4 - Virginia Tech 0
TOP OF THE 5TH
Seton Hall Pirates batting - Pitching for Virginia Tech Hokies : RHP Ed Velásquez
Batting: RHB Joe Lord 0-0: Called Strike
0-1: Ball
1-1: Ball
2-1: Ball
3-1: Base on Balls
Pitching: RHP Carlos Morán
Batting: LHB Vernon Riley 0-0: Ball
1-0: Foul Ball, location: 2F
1-1: Swinging Strike
1-2: Ball
2-2: Ball
3-2: Strikes out swinging
Batting: RHB Matt Hidalgo 0-0: Called Strike
0-1: Fly out, F8 (Flyball, 8LD)
Batting: LHB Turner Burns 0-0: Ball
1-0: Called Strike
1-1: Ball
2-1: Foul Ball, location: 2F
2-2: SINGLE (Line Drive, 89S)
Joe Lord to second
Batting: RHB Fernando Cuevas 0-0: Called Strike
0-1: SINGLE (Groundball, 6MD)
Joe Lord to third
Turner Burns to second
Runner from 3rd tries for Home, SAFE, no throw
Batting: RHB Chris Rigney 0-0: Ball
1-0: Foul Ball, location: 2F
1-1: Reached on error, E7 (Flyball, 7D)
Turner Burns scores
Fernando Cuevas to third
Batting: RHB Steve Moore 0-0: SINGLE (Flyball, 8RS)
Fernando Cuevas scores
Chris Rigney to third
Runner from 3rd tries for Home, SAFE, no throw
Batting: LHB Pedro Cortés 0-0: Foul Ball, location: 2F
0-1: Ground out 4-3 (Groundball, 4)
Top of the 5th over - 4 runs, 3 hits, 1 error, 1 left on base; Seton Hall 8 - Virginia Tech 0
BOTTOM OF THE 5TH
Virginia Tech Hokies batting - Pitching for Seton Hall Pirates : RHP Tomás Granados
Batting: RHB Octávio Ramérez 0-0: Called Strike
0-1: Called Strike
0-2: Ball
1-2: Strikes out swinging
Batting: SHB Junior Campbell 0-0: Called Strike
0-1: Fly out, F9 (Flyball, 9D)
Batting: RHB Jake Holmes 0-0: Ball
1-0: Foul Ball, location: 2F
1-1: Swinging Strike
1-2: Ball
2-2: Strikes out looking
Bottom of the 5th over - 0 runs, 0 hits, 0 errors, 0 left on base; Seton Hall 8 - Virginia Tech 0
TOP OF THE 6TH
Seton Hall Pirates batting - Pitching for Virginia Tech Hokies : RHP Carlos Morán
Batting: RHB Ken Horn 0-0: Ball
1-0: Ball
2-0: Foul Ball, location: 2F
2-1: Ball
3-1: Base on Balls
Batting: RHB Joe Lord 0-0: Ball
1-0: Called Strike
1-1: Ball
2-1: Foul Ball, location: 2F
2-2: Foul Ball, location: 2F
2-2: Strikes out swinging
Batting: LHB Vernon Riley 0-0: Ball
1-0: Fly out, F8 (Flyball, 8LD)
Batting: RHB Matt Hidalgo 0-0: Ball
1-0: TRIPLE (Flyball, 78XD)
Ken Horn scores
Batting: LHB Turner Burns 0-0: Ball
1-0: Ball
2-0: Ball
3-0: Base on Balls
Batting: RHB Fernando Cuevas 0-0: Ball
1-0: Called Strike
Pickoff Throw to First - Out!
Top of the 6th over - 1 run, 1 hit, 0 errors, 1 left on base; Seton Hall 9 - Virginia Tech 0
BOTTOM OF THE 6TH
Virginia Tech Hokies batting - Pitching for Seton Hall Pirates : RHP Tomás Granados
Batting: RHB Rick Bascombe 0-0: Ball
1-0: Ball
2-0: Called Strike
2-1: Foul Ball, location: 2F
2-2: Foul Ball, location: 2F
2-2: Fly out, F9 (Flyball, 9D)
Batting: LHB David Ortega 0-0: Ball
1-0: Called Strike
1-1: Called Strike
1-2: Ground out 4-3 (Groundball, 4)
Batting: SHB Daniel Lee 0-0: Called Strike
0-1: Ball
1-1: Called Strike
1-2: Ball
2-2: Strikes out swinging
Bottom of the 6th over - 0 runs, 0 hits, 0 errors, 0 left on base; Seton Hall 9 - Virginia Tech 0
TOP OF THE 7TH
Seton Hall Pirates batting - Pitching for Virginia Tech Hokies : RHP Carlos Morán
Batting: RHB Fernando Cuevas 0-0: Called Strike
0-1: Ball
1-1: Ball
2-1: Fly out, F4 (Line Drive, 4)
Batting: RHB Chris Rigney 0-0: Swinging Strike
0-1: Ball
1-1: Ball
2-1: Ball
3-1: Called Strike
3-2: Strikes out swinging
Batting: RHB Steve Moore 0-0: Called Strike
0-1: Ball
1-1: Ball
2-1: Swinging Strike
2-2: Foul Ball, location: 2F
2-2: Foul Ball, location: 2F
2-2: Strikes out looking
Top of the 7th over - 0 runs, 0 hits, 0 errors, 0 left on base; Seton Hall 9 - Virginia Tech 0
BOTTOM OF THE 7TH
Virginia Tech Hokies batting - Pitching for Seton Hall Pirates : RHP Todd Adams
Pitching: RHP Todd Adams
Batting: RHB Eric Clay 0-0: Ball
1-0: Ball
2-0: Swinging Strike
2-1: Foul Ball, location: 2F
2-2: Ball
3-2: Foul Ball, location: 2F
3-2: Strikes out swinging
Batting: RHB Dusty Green 0-0: Ball
1-0: Ball
2-0: Ball
3-0: Called Strike
3-1: Base on Balls
Batting: LHB Ben Webb 0-0: Ball
1-0: Called Strike
1-1: Foul Ball, location: 2F
1-2: Ball
2-2: Ball
3-2: Base on Balls
Dusty Green to second
Batting: RHB Octávio Ramérez 0-0: Ball
1-0: Called Strike
1-1: Foul Ball, location: 2F
1-2: Strikes out swinging
Batting: SHB Junior Campbell 0-0: Foul Ball, location: 2F
0-1: Ball
1-1: Ball
2-1: Called Strike
2-2: Ball
3-2: Strikes out looking
Bottom of the 7th over - 0 runs, 0 hits, 0 errors, 2 left on base; Seton Hall 9 - Virginia Tech 0
TOP OF THE 8TH
Seton Hall Pirates batting - Pitching for Virginia Tech Hokies : RHP Carlos Morán
Pitching: RHP Don Watts
Batting: LHB Pedro Cortés 0-0: Ball
1-0: Foul Ball, location: 2F
1-1: Swinging Strike
1-2: Ball
2-2: Foul Ball, location: 2F
2-2: Strikes out looking
Batting: RHB Ken Horn 0-0: Ground out 5-3 (Groundball, 56)
Batting: RHB Joe Lord 0-0: SINGLE (Flyball, 9S)
Batting: LHB Vernon Riley 0-0: Ball
Wild Pitch!
Joe Lord to second
1-0: Ball
2-0: Ball
3-0: Swinging Strike
3-1: Base on Balls
Batting: RHB Matt Hidalgo 0-0: Swinging Strike
0-1: Ball
1-1: Ball
2-1: Hit by Pitch
Joe Lord to third
Vernon Riley to second
Batting: LHB Turner Burns 0-0: Foul Ball, location: 2F
0-1: Foul Ball, location: 2F
0-2: SINGLE (Groundball, 4MD)
Joe Lord scores
Vernon Riley to third
Matt Hidalgo to second
Runner from 3rd tries for Home, SAFE, no throw
Batting: RHB Fernando Cuevas 0-0: Ball
1-0: Foul Ball, location: 2F
1-1: Ball
2-1: Ball
3-1: Foul Ball, location: 2F
3-2: Foul Ball, location: 2F
3-2: Foul Ball, location: 2F
3-2: Base on Balls
Matt Hidalgo to third
Turner Burns to second
Batting: RHB Chris Rigney 0-0: Foul Ball, location: 2F
0-1: Ball
1-1: SINGLE (Groundball, 56) (infield hit)
Matt Hidalgo scores
Turner Burns to third
Fernando Cuevas to second
Batting: RHB Steve Moore 0-0: Called Strike
0-1: Ball
1-1: Swinging Strike
1-2: Ball
2-2: Strikes out swinging
Top of the 8th over - 3 runs, 3 hits, 0 errors, 3 left on base; Seton Hall 12 - Virginia Tech 0
BOTTOM OF THE 8TH
Virginia Tech Hokies batting - Pitching for Seton Hall Pirates : RHP Todd Adams
Batting: RHB Jake Holmes 0-0: Called Strike
0-1: Swinging Strike
0-2: Strikes out looking
Batting: RHB Rick Bascombe 0-0: Ball
1-0: Ball
2-0: Ball
3-0: Called Strike
3-1: Foul Ball, location: 2F
3-2: Foul Ball, location: 2F
3-2: Strikes out swinging
Batting: LHB David Ortega 0-0: SINGLE (Flyball, 7S)
Batting: SHB Daniel Lee 0-0: Ball
1-0: Ball
2-0: Ball
3-0: Called Strike
3-1: DOUBLE (Flyball, 78D)
David Ortega to third
Runner from 3rd tries for Home, SAFE, no throw
Batting: RHB Eric Clay 0-0: Called Strike
0-1: Fly out, F8 (Flyball, 8RD)
Bottom of the 8th over - 1 run, 2 hits, 0 errors, 1 left on base; Seton Hall 12 - Virginia Tech 1
TOP OF THE 9TH
Seton Hall Pirates batting - Pitching for Virginia Tech Hokies : RHP Don Watts
Pitching: LHP Dave Lee
Batting: LHB Pedro Cortés 0-0: Called Strike
0-1: SINGLE (Line Drive, 7LS)
Batting: RHB Ken Horn 0-0: Ball
1-0: Called Strike
1-1: Swinging Strike
1-2: Ball
2-2: Ball
3-2: Strikes out swinging
Batting: RHB Joe Lord 0-0: Ball
1-0: Ball
2-0: Ball
3-0: Base on Balls
Pedro Cortés to second
Batting: LHB Vernon Riley 0-0: Foul Ball, location: 2F
0-1: Ball
1-1: Foul Ball, location: 2F
1-2: Foul Ball, location: 2F
1-2: Ball
2-2: Foul Ball, location: 2F
2-2: Ground out 4-3 (Groundball, 4S)
Pedro Cortés to third
Joe Lord to second
Batting: RHB Matt Hidalgo 0-0: Called Strike
0-1: Ball
1-1: Swinging Strike
1-2: Strikes out looking
Top of the 9th over - 0 runs, 1 hit, 0 errors, 2 left on base; Seton Hall 12 - Virginia Tech 1
BOTTOM OF THE 9TH
Virginia Tech Hokies batting - Pitching for Seton Hall Pirates : RHP Todd Adams
Now at 1B: Jake Henshaw
Batting: RHB Dusty Green 0-0: Called Strike
0-1: Ball
1-1: Ball
2-1: Ball
3-1: Ground out U3 (Groundball, 3L)
Batting: LHB Ben Webb 0-0: Foul Ball, location: 2F
0-1: Called Strike
0-2: Ball
1-2: Foul Ball, location: 2F
1-2: Foul Ball, location: 2F
1-2: DOUBLE (Line Drive, 8RD)
Batting: RHB Octávio Ramérez 0-0: Swinging Strike
0-1: Called Strike
0-2: Strikes out looking
Batting: SHB Junior Campbell 0-0: Foul Ball, location: 2F
0-1: Called Strike
0-2: Ball
1-2: Foul Ball, location: 2F
1-2: Foul Ball, location: 2F
1-2: Ball
2-2: Foul Ball, location: 2F
2-2: Ball
3-2: Foul Ball, location: 2F
3-2: Strikes out looking
Bottom of the 9th over - 0 runs, 1 hit, 0 errors, 1 left on base; Seton Hall 12 - Virginia Tech 1
Saturday, April 7th, 2018 - OOTP Baseball 18.8 Build 76